 Dungeon Crawl Stone Soup version 0.29.0-11-gd7f09526c8 (webtiles) character file.

Game seed: 7109872112068501978

4935 sanka the Transmogrifier (level 10, -19/77 HPs)
             Began as a Demigod Arcane Marksman on Sept 6, 2022.
             Demolished by a boulder beetle (36 damage)
             ... on level 8 of the Dungeon.
             The game lasted 00:30:37 (18679 turns).

sanka the Transmogrifier (Demigod Arcane Marksman) Turns: 18679, Time: 00:30:37

Health: -19/77     AC:  8    Str: 11    XL:     10   Next: 7%
Magic:  13/16      EV: 13    Int: 27    God:
Gold:   332        SH:  0    Dex: 14    Spells: 7/13 levels left

rFire   . . .      SeeInvis .     - Unarmed
rCold   . . .      Faith    .   (shield currently unavailable)
rNeg    . . .      Spirit   .   w - +2 robe {Will+}
rPois   .          Reflect  .   s - +0 helmet
rElec   .          Harm     .   (no cloak)
rCorr   +          Rampage  .   (gloves currently unavailable)
Will    +++..                   t - +2 pair of boots
Stlth   +.........              (no amulet)
HPRegen 0.22/turn               r - ring of resist corrosion
MPRegen 0.15/turn               j - ring of willpower

@: blade hands
A: high MP 1, forlorn, divine attributes
a: End Transformation


You were on level 8 of the Dungeon.
You had blades for hands.
You visited 1 branch of the dungeon, and saw 8 of its levels.

You collected 481 gold pieces.
You spent 149 gold pieces at shops.


Innate Abilities, Weirdness & Mutations

You have blades for hands.
Your spellcasting is less reliable in this form.
You are incapable of wielding weapons or throwing items.
You have an increased reservoir of magic. (+10% MP)
You shall have no god before yourself.
Your divine heritage dramatically boosts your attributes as you level up.


   Skills:
 + Level 3.5 Fighting
 - Level 1.7 Ranged Weapons
 + Level 3.9 Dodging
 * Level 8.0 Unarmed Combat
 - Level 2.0 Spellcasting
 - Level 2.6 Hexes
 - Level 10.0 Transmutations


You had 7 spell levels left.
You knew the following spells:

 Your Spells              Type           Power      Damage    Failure   Level
x - Blade Hands           Tmut           27%        N/A       30%         5
z - Slow                  Hex            68%        N/A       26%         1

Your spell library contained the following spells:

 Spells                   Type           Power      Damage    Failure   Level
 Tukima's Dance           Hex            17%        N/A       45%         3
 Inner Flame              Hex/Fire       9%         N/A       58%         3
 Portal Projectile        Hex/Tloc       18%        N/A       58%         3
 Cause Fear               Hex            8%         N/A       75%         4
 Fulminant Prism          Conj/Hex       4%         3d6       87%         4
 Iskenderun's Mystic Bla  Conj/Tloc      2%         2d3       95%         4
 Lee's Rapid Deconstruct  Erth           1%         3d5*      99%         5

Inventory:

Hand Weapons
 a - a +1 sling
 b - a +1 flail of protection (melded)
 i - a +3 scimitar of flaming
Missiles
 C - a throwing net {=f}
Armour
 c - a +0 robe
 k - a +3 leather armour
 s - a +0 helmet (worn)
 t - a +2 pair of boots (worn)
 w - a +2 robe of willpower (worn)
 G - a +1 ring mail of fire resistance
Magical Staves
 y - a staff of poison
Jewellery
 e - a ring of magical power
 j - a ring of willpower (right blade hand)
 r - a ring of resist corrosion (left blade hand)
Wands
 o - a wand of paralysis (18)
 v - a wand of flame (10)
 B - a wand of iceblast (6)
 F - a wand of mindburst (14)
Scrolls
 d - 3 scrolls of vulnerability {!r}
 h - a scroll of summoning
 l - 2 scrolls of magic mapping
 u - 3 scrolls of poison {!r}
 z - 5 scrolls of teleportation {@r4}
 A - a scroll of immolation {!r}
 H - 2 scrolls of enchant weapon {unknown}
 I - a scroll of acquirement {unknown}
Potions
 f - 2 potions of curing {@q1}
 g - a potion of might {unknown}
 m - a potion of heal wounds {unknown}
 n - a potion of mutation {unknown}
 q - a potion of haste {unknown}
 x - a potion of lignification {unknown}
 D - 2 potions of attraction {unknown}
 E - a potion of flight {unknown}

Dungeon Overview and Level Annotations

Branches:
Dungeon (8/15)             Temple (0/1) D:5
   Lair: D:8-11

Shops:
D:3 [   D:6 *

Annotations:
D:8 3 runed translucent doors, Gekot's ghost, novice DEFE

▒▒..................▒.▒.▒▒▒
▒▒.▒▒▒▒▒▒▒▒▒▒▒......▒.._..▒
.......▒ ▒[.....▒▒▒.▒.▒
▒▒▒▒▒▒.▒▒▒▒▒▒▒......▒.....▒
▒......<....▒▒▒▒▒▒.▒▒▒
▒▒▒▒▒▒▒▒▒▒▒.▒ ▒.▒▒ ▒.▒
▒▒..▒▒▒ ▒.▒ ▒.....▒ ▒p▒
▒.....▒ ▒B▒ ▒▒+++▒▒ ▒▒ ▒☼▒


▒JJJWJ▒ .▒▒▒ ▒°▒ ..J.... ...▒▒▒▒▒▒▒ ▒°▒ ▒.......▒ ▒▒.......▒ ▒.▒ ▒..!....▒
▒▒▒▒..▒.▒▒▒▒▒ ▒.▒ ▒▒..[..▒▒ ▒▒▒.......▒▒▒D▒▒ ..▒▒...▒▒....°.▒ ▒▒▒ You could see
a boulder beetle (rolling) and a seven-headed hydra.


Message History

* * * LOW HITPOINT WARNING * * *
Unknown command.
You hit the boulder beetle but do no damage.
The boulder beetle is severely wounded.
The boulder beetle bites you!!
* * * LOW HITPOINT WARNING * * *
Unknown command.
Blink to where?
As you read the scroll of blinking, it crumbles to dust.
Aiming: Iceblast
Okay, then.
Okay, then.
The boulder beetle curls into a ball and begins rolling!
Aiming: Iceblast
Okay, then.
Aiming: Paralyse
Aim: a boulder beetle (severely wounded, rolling, chance to affect: 31%)
Okay, then.
Aiming: Iceblast
Aim: a boulder beetle (severely wounded, rolling)
The mass of ice explodes!
The iceblast engulfs the boulder beetle.
The boulder beetle is severely wounded.
Aiming: Iceblast
Aim: a boulder beetle (severely wounded, rolling)
The mass of ice explodes!
The iceblast engulfs the boulder beetle!
The boulder beetle is severely wounded.
The boulder beetle hits you!!!
You die...

Action                   |  1- 3 |  4- 6 |  7- 9 | 10-12 || total
-------------------------+-------+-------+-------+-------++-------
Melee: Flail             |       |   108 |   274 |       ||   382
       Punch             |       |     1 |    22 |     1 ||    24
       Unarmed           |       |       |   105 |    12 ||   117
 Fire: Sling             |   186 |   153 |    20 |       ||   359
 Cast: Slow              |    41 |    85 |    92 |       ||   218
       Blade Hands       |       |       |    20 |     3 ||    23
Evoke: Wand              |       |     1 |     6 |     2 ||     9
  Use: Scroll            |       |       |    10 |     1 ||    11
       Potion            |       |       |       |     1 ||     1
 Stab: Paralysed         |       |     8 |       |       ||     8
       Sleeping          |       |     1 |       |       ||     1
Armor: Robe              |    26 |    66 |   130 |     1 ||   223
Dodge: Dodged            |    83 |   121 |   232 |     3 ||   439

Levels and vault maps discovered:
D:1:      shiori_arrival_maze, layout_basic, ebering_ecumenical_altar_webs
D:2:      layout_basic
D:3:      layout_basic, nicolae_overflow_crystal_walls,
          mainiacjoe_overflow_small_starburst, serial_shops, shop,
          grunt_decor_clamped, kennysheep_path_1, uniq_robin
D:4:      layout_basic, chequers_temple_overflow_statue_of_worship,
          uniq_eustachio, uniq_blork_the_orc, uniq_ijyb
D:5:      layout_loops_corners, minmay_temple_entry_junction, serial_rivers,
          chequers_serial_rivers_micro_d, chequers_serial_rivers_room_b,
          chequers_serial_rivers_small_3, chequers_serial_rivers_micro_a,
          uniq_duvessa
D:6:      layout_basic, serial_shops, nicolae_lakefront_shop, hex_medium,
          minmay_crystal_room, uniq_menkaure
D:7:      layout_loops_ring, xom_teletrap_fun, nicolae_water_bricks
D:8:      minmay_the_grid_triangle_9x9_recursive_2
          [minmay_the_grid_triangle_9x9_prize_insulated,
          minmay_the_grid_triangle_9x9_dagger,
          minmay_the_grid_triangle_9x9_swiss_cheese,
          minmay_the_grid_triangle_9x9_checkered], layout_loops_ring,
          nicolae_gozag_cash_rules_everything_around_me, gammafunk_ghost_ooze,
          enter_ossuary_2, dk_noncrumbling_2, uniq_erica

Notes
Turn   | Place    | Note
-------+----------+-------------------------------------------
     0 | D:1      | sanka the Demigod Arcane Marksman began the quest for the
                  | Orb.
     0 | D:1      | Reached XP level 1. HP: 15/15 MP: 4/4
   465 | D:1      | Reached skill level 1 in Unarmed Combat
   905 | D:1      | Reached XP level 2. HP: 20/22 MP: 5/5
  1164 | D:1      | Reached skill level 2 in Unarmed Combat
  2406 | D:2      | Reached XP level 3. HP: 27/27 MP: 6/6
  2412 | D:2      | HP: 2/27 [worm (7)]
  3651 | D:3      | Reached skill level 3 in Unarmed Combat
  4228 | D:3      | Reached XP level 4. HP: 34/34 MP: 8/8
  4868 | D:3      | Reached skill level 4 in Unarmed Combat
  4921 | D:3      | Noticed Robin
  4954 | D:3      | Found Quoqiesch's Armour Shop.
  5256 | D:2      | Reached XP level 5. HP: 34/39 MP: 9/9
  5424 | D:3      | Killed Robin
  5536 | D:3      | Bought a +1 pair of boots for 149 gold pieces
  7057 | D:3      | Found Quoqiesch's Armour Shop.
  7722 | D:3      | Found Quoqiesch's Armour Shop.
  7899 | D:4      | Noticed Eustachio
  7910 | D:3      | Reached skill level 5 in Unarmed Combat
  7955 | D:4      | Killed Eustachio
  7956 | D:4      | Reached XP level 6. HP: 41/46 MP: 10/10
  7994 | D:3      | Learned a level 5 spell: Blade Hands
  8090 | D:4      | Reached skill level 6 in Unarmed Combat
  8298 | D:4      | Noticed Ijyb
  8313 | D:4      | Killed Ijyb
  8314 | D:4      | Reached skill level 1 in Transmutations
  8701 | D:4      | Noticed Blork the orc
  9089 | D:3      | Killed Blork the orc
  9090 | D:3      | Reached skill level 2 in Spellcasting
  9090 | D:3      | Reached skill level 2 in Transmutations
  9417 | D:4      | Reached XP level 7. HP: 8/51 MP: 9/13
  9883 | D:4      | Reached skill level 3 in Transmutations
 10255 | D:5      | Entered Level 5 of the Dungeon
 10760 | D:4      | Reached skill level 4 in Transmutations
 10794 | D:5      | Noticed Duvessa
 11299 | D:5      | Reached skill level 5 in Transmutations
 11634 | D:5      | Found a staircase to the Ecumenical Temple.
 12053 | D:5      | Noticed Dowan
 12824 | D:6      | Noticed Menkaure
 13129 | D:6      | Reached skill level 6 in Transmutations
 13129 | D:6      | Reached XP level 8. HP: 47/58 MP: 14/14
 13240 | D:6      | Found Wenkej's Assorted Antiques.
 13694 | D:6      | Killed Menkaure
 13695 | D:6      | Reached skill level 7 in Transmutations
 14453 | D:7      | Reached skill level 8 in Transmutations
 15174 | D:7      | Reached skill level 9 in Transmutations
 15466 | D:6      | Reached XP level 9. HP: 61/63 MP: 10/15
 16196 | D:7      | Reached skill level 10 in Transmutations
 16196 | D:7      | Reached skill level 1 in Fighting
 16196 | D:7      | Reached skill level 2 in Dodging
 17312 | D:5      | Killed Duvessa
 17315 | D:5      | Killed Dowan
 17597 | D:8      | Noticed Erica
 17611 | D:8      | Killed Erica
 17612 | D:8      | Reached skill level 2 in Fighting
 17612 | D:8      | Reached skill level 3 in Dodging
 17612 | D:8      | Reached skill level 7 in Unarmed Combat
 17931 | D:8      | Reached skill level 3 in Fighting
 17944 | D:8      | Noticed a manticore
 17956 | D:8      | Killed a manticore
 18214 | D:8      | Reached XP level 10. HP: 57/77 MP: 9/16
 18334 | D:8      | Found a runed translucent gate.
 18334 | D:8      | Found a runed translucent gate.
 18334 | D:8      | Found a runed translucent gate.
 18337 | D:8      | Noticed Gekot's ghost (novice DEFE)
 18408 | D:8      | Reached skill level 8 in Unarmed Combat
 18649 | D:8      | Found the +2 shield of Resistance {rF++ rC++ Will++}
 18649 | D:8      | Noticed a seven-headed hydra
 18649 | D:8      | Noticed a boulder beetle
 18649 | D:8      | Noticed a manticore
 18669 | D:8      | HP: 6/77 [boulder beetle (24)]
 18679 | D:8      | Demolished by a boulder beetle

Vanquished Creatures
  Erica (D:8)
  A manticore (D:8)
  A hornet (D:8)
  Eustachio (D:4)
  A wyvern (D:8)
  5 yaks
  Menkaure (D:6)
  Duvessa (D:5)
  2 sky beasts
  3 ogres
  2 phantoms
  2 centaurs
  Blork the orc (D:3)
  A bullfrog (D:7)
  3 necrophages
  3 scorpions (D:5)
  A wight (D:8)
  Dowan (D:5)
  4 killer bees (D:8)
  3 howler monkeys
  3 hounds
  2 jellies (D:6)
  A gnoll bouda (D:7)
  5 orc priests
  Ijyb (D:4)
  2 iguanas (D:5)
  4 orc wizards
  Robin (D:3)
  17 gnolls
  3 adders
  2 shadow imps (D:6)
  3 white imps
  3 ufetubi
  3 worms
  2 dart slugs
  27 orcs
  7 endoplasms
  3 giant cockroaches
  14 goblins
  11 hobgoblins
  3 jackals (D:3)
  3 kobolds
  3 quokkas
  8 ball pythons
  7 bats
  5 frilled lizards
  2 rats (D:3)
183 creatures vanquished.
